 Dungeon Crawl Stone Soup version 0.16-a0-4056-gee4db93 (webtiles) character file.

430 ketsa the Insei (level 6, -9/46 HPs)
             Began as a Demigod Transmuter on Feb 20, 2015.
             Mangled by an iguana (15 damage)
             ... on level 4 of the Dungeon.
             The game lasted 00:18:41 (4852 turns).

ketsa the Insei (Demigod Transmuter)                Turns: 4852, Time: 00:18:41

Health: -9/46      AC:  2    Str: 13    XL:     6   Next: 38%
Magic:  13/16      EV: 22    Int: 21    God:
Gold:   187        SH:  0    Dex: 21    Spells: 3 memorised, 5 levels left

rFire  . . .     SeeInvis .       - Unarmed
rCold  . . .     Clarity  .     c - melded +0 robe
rNeg   . . .     SustAb   +     (shield currently unavailable)
rPois  .         Gourm    .     A - melded +0 helmet
rElec  .         Spirit   .     (cloak currently unavailable)
rCorr  .         Warding  .     (gloves currently unavailable)
rMut   .         Stasis   .     (boots currently unavailable)
MR     .....                    (no amulet)
Stlth  +++.......               B - ring of poison resistance
                                f - ring of stealth

@: spider-form, not resistant to hostile enchantments, fairly stealthy
A: blurry vision 1, wild magic 1, no device heal 1, sustain abilities
a: End Transformation


You were on level 4 of the Dungeon.
You were hungry.
You were a venomous arachnid creature.
You visited 1 branch of the dungeon, and saw 4 of its levels.
You also visited: Sewer.

You collected 187 gold pieces.

Inventory:

Hand weapons
 x - a +0 blowgun
Missiles
 b - 20 arrows
 g - 53 poisoned needles
 h - 23 bolts
 v - 16 stones (quivered)
Armour
 c - a +0 robe (melded)
 j - a +1 plate armour of poison resistance
 m - a +0 chain mail
 p - a +0 shield
 q - a +0 leather armour
 A - a +0 helmet (melded)
Jewellery
 f - a ring of stealth (left front leg)
 u - an uncursed ring of sustain abilities
 B - a ring of poison resistance (right front leg)
Magical devices
 s - a wand of magic darts (24)
Scrolls
 e - a scroll of enchant armour {unknown}
 i - a scroll of amnesia {unknown}
 n - 7 scrolls of identify
 o - a scroll of magic mapping {unknown}
 r - 2 scrolls of teleportation {unknown}
 w - 2 scrolls of recharging {unknown}
 y - 4 scrolls of remove curse {unknown}
 z - a scroll of fear {unknown}
 D - 3 scrolls of random uselessness
Potions
 C - 2 potions of heal wounds
 E - a potion of flight
Books
 d - a book of Changes

   Spells                             Type                      Level
   a - Beastly Appendage              Transmutation                1
   b - Sticks to Snakes               Transmutation                2
   c - Spider Form                    Transmutation/Poison         3
   d - Ice Form                       Ice/Transmutation            4
   e - Blade Hands                    Transmutation                5
Comestibles
 a - 3 bread rations
 k - 3 meat rations
 l - a fruit
 t - 2 beef jerkies


   Skills:
 - Level 0.8 Fighting
 + Level 3.3 Dodging
 * Level 4.7 Unarmed Combat
 + Level 3.0 Spellcasting
 + Level 3.2 Transmutations
 + Level 0.6 Poison Magic


You had 5 spell levels left.
You knew the following spells:

 Your Spells              Type           Power        Failure   Level  Hunger
a - Beastly Appendage     Trmt           ####..       22%         1    None
b - Sticks to Snakes      Trmt           ####......   30%         2    ##.....
c - Spider Form           Trmt/Pois      ###.......   56%         3    ###....


Dungeon Overview and Level Annotations

Branches:
Dungeon (4/15)
 Temple: D:4-7

Annotations:
D:4 Edmund


Innate Abilities, Weirdness & Mutations

Your attributes are resistant to harm.
Scrolls take you a little longer to read.
Your spells are a little harder to cast, but a little more powerful.
Potions and wands are less effective at restoring your health.


Message History

You completely miss the iguana.
The iguana is severely wounded.
The iguana bites you!
You hit the iguana but do no damage.
The iguana is severely wounded.
The iguana bites you.
You hit the iguana but do no damage.
The iguana is severely wounded.
The iguana bites you!
* * * LOW HITPOINT WARNING * * *
Casting: Spider Form
Confirm with . or Enter, or press ? or * to list all spells.
You turn into a venomous arachnid creature.
Your +0 helmet melds into your body.
Your +0 robe melds into your body.
You are feeling hungry.
The iguana completely misses you.
You hit the iguana.
The iguana is poisoned.
The iguana is almost dead.
The iguana bites you!
You die...

###.### #.....#
#.###.####### #.#
#>......#
#.###.#####.#
#.....# ###.#####..
####### #.........#
#......$..# .
#s#######.# # #l###
# #..........# #
(######.#.# # #.#.#
# .# #.#.### # #.#
#.....# #
##.######.<...###.#
###
#..##.............#


You could see an iguana.

Vanquished Creatures
  A big kobold (Sewer)
  4 orc priests
  2 orc wizards
  4 river rats
  6 adders
  A giant mite (D:3)
  A worm (D:3)
  A giant gecko (D:1)
  10 orcs
  6 bats
  5 goblins
  5 hobgoblins
  4 jackals
  A quokka (D:3)
  4 giant cockroaches
  3 giant newts
  9 kobolds
  11 rats
78 creatures vanquished.

Vanquished Creatures (collateral kills)
  An orc wizard (D:3)
  An orc (D:3)
  2 rats
4 creatures vanquished.

Grand Total: 82 creatures vanquished

Notes
Turn   | Place    | Note
--------------------------------------------------------------
     0 | D:1      | ketsa, the Demigod Transmuter, began the quest for the Orb.
     0 | D:1      | Reached XP level 1. HP: 15/15 MP: 3/3
   984 | D:2      | Reached skill level 3 in Unarmed Combat
   984 | D:2      | Reached XP level 2. HP: 14/22 MP: 2/4
  1379 | D:2      | Found an opulent altar of Gozag.
  1817 | D:3      | Reached XP level 3. HP: 27/27 MP: 8/8
  2170 | D:3      | Found a sacrificial altar of Ru.
  2305 | D:3      | Learned a level 2 spell: Sticks to Snakes
  2328 | D:3      | Reached XP level 4. HP: 30/34 MP: 5/11
  2504 | D:3      | Learned a level 3 spell: Spider Form
  2936 | D:3      | Reached XP level 5. HP: 35/39 MP: 9/12
  2948 | D:3      | Reached skill level 4 in Unarmed Combat
  3281 | D:4      | Found a glowing drain.
  3517 | Sewer    | Entered a sewer
  3869 | Sewer    | Reached XP level 6. HP: 23/46 MP: 13/15
  4124 | Sewer    | Found a white marble altar of Elyvilon.
  4168 | Sewer    | Gained mutation: Potions and wands are less effective at restoring your health. [potion of mutation]
  4168 | Sewer    | Gained mutation: Scrolls take you a little longer to read. [potion of mutation]
  4168 | Sewer    | Gained mutation: Your spells are a little harder to cast, but a little more powerful. [potion of mutation]
  4286 | D:4      | Noticed Edmund
  4852 | D:4      | Mangled by an iguana

Action                   |  1- 3 |  4- 6 || total
-------------------------+-------+-------++-------
Melee: Unarmed           |   108 |   228 ||   336
Throw: Stone             |       |     4 ||     4
 Cast: Beastly Appendage |    18 |    13 ||    31
       Sticks to Snakes  |     2 |     7 ||     9
       Spider Form       |       |     7 ||     7
  Use: Potion            |     1 |     9 ||    10
       Scroll            |       |     1 ||     1
 Stab: Sleeping          |     3 |     1 ||     4
  Eat: Chunk             |     5 |     7 ||    12
       Fruit             |       |     2 ||     2
